 Dungeon Crawl Stone Soup version 0.25.0-9-g26727b657a (webtiles) character file.

Game seed: 10519250221331614664

191 shadizar the Insei (level 5, -5/36 HPs)
             Began as an Octopode Transmuter on June 21, 2020.
             Slain by a sky beast (6 damage)
             ... on level 5 of the Dungeon.
             The game lasted 00:05:08 (3657 turns).

shadizar the Insei (Octopode Transmuter)            Turns: 3657, Time: 00:05:08

Health: -5/36      AC:  1    Str: 10    XL:     5   Next: 70%
Magic:  8/8        EV: 13    Int: 15    God:
Gold:   219        SH:  0    Dex: 13    Spells: 4/8 levels left

rFire    . . .     SeeInvis .     - Unarmed
rCold    . . .     Gourm    .   (no shield)
rNeg     . . .     Faith    .   (helmet restricted)
rPois    .         Spirit   .   (no amulet)
rElec    .         Reflect  .   (no ring)
rCorr    .         Harm     .   (no ring)
MR       .....                  (no ring)
Stlth    +++.......             (no ring)
HPRegen  0.12/turn              (no ring)
MPRegen  0.11/turn              (no ring)
                                (no ring)
                                (no ring)

@: no status effects
A: almost no armour, stealthy swim, amphibious, 8 rings, constrict 8, camouflage
1, gelatinous body 1
a: no special abilities


You were on level 5 of the Dungeon.
You were not hungry.

You visited 1 branch of the dungeon, and saw 5 of its levels.

You collected 219 gold pieces.

Inventory:

Missiles
 a - 45 arrows
Magical Staves
 j - an uncursed staff of fire {unknown}
Scrolls
 b - 5 scrolls of identify {unknown}
 e - 2 scrolls of fear {unknown}
 f - a scroll of teleportation {unknown}
 h - a scroll of magic mapping {unknown}
 i - 2 scrolls of remove curse {unknown}
Potions
 d - a potion of heal wounds {unknown}
 k - a potion of flight {unknown}
Comestibles
 c - 10 rations
 g - 2 chunks of flesh


   Skills:
 + Level 3.0 Fighting
 + Level 2.3 Dodging
 + Level 4.0 Stealth
 + Level 4.2 Unarmed Combat
 - Level 2.0 Spellcasting
 - Level 2.0 Transmutations


You had 4 spell levels left.
You knew the following spells:

 Your Spells              Type           Power        Failure   Level  Hunger
a - Beastly Appendage     Tmut           #.....       10%         1    #......
b - Spider Form           Tmut/Pois      #.........   41%         3    ###....

Your spell library contained the following spells:

 Spells                   Type           Power        Failure   Level  Hunger
 Sticks to Snakes         Tmut           #.......     14%         2    ###....
 Ice Form                 Ice/Tmut       #.......     82%         4    #####..
 Blade Hands              Tmut           #.........   95%         5    ######.


Dungeon Overview and Level Annotations

Branches:
Dungeon (5/15)
 Temple: D:4-7

Altars:
Cheibriados
Kikubaaqudgha
Ru
Uskayaw
Xom
Zin

Annotations:
D:4 Edmund


Innate Abilities, Weirdness & Mutations

You cannot wear most types of armour.
You are very stealthy in the water. (Stealth+)
You are amphibious.
You can wear up to eight rings at the same time.
You can use your tentacles to constrict eight enemies at once.
Your skin changes colour to match your surroundings (Stealth+).
Your rubbery body absorbs attacks. (AC +1, EV +1)


Message History

Deactivating autopickup; reactivate with Ctrl-A.
Something hits you. Something shocks you.
No target in view!
No target in view!
No target in view!
No target in view!
You closely miss something. Something hits you. Something shocks you.
You tentacle-slap something. You barely miss something. Something hits you.
Something shocks you.
You miss something. Something hits you.
* * * LOW HITPOINT WARNING * * *
Something shocks you.
* * * LOW HITPOINT WARNING * * *
Okay, then.
Some of the chunks of flesh in your inventory have rotted away.
There is a stone staircase leading up here.
Something hits you.
* * * LOW HITPOINT WARNING * * *
Something shocks you.
You die...

.. ... .
..#.#.# .#.#.
... #.# #.# #
#.# #
###..##{#.#####
.(.....@.......
###..##########
.... ###


There were no monsters in sight!

Vanquished Creatures
  A worker ant (D:3)
  A hound skeleton (D:4)
  3 gnolls (D:3)
  4 adders
  An ooze (D:2)
  3 worms
  2 dart slugs (D:1)
  3 leopard geckos
  5 orcs (D:3)
  2 ball pythons
  5 giant cockroaches
  8 goblins
  6 hobgoblins
  2 jackals (D:2)
  7 kobolds
  2 quokkas
  6 bats
  4 frilled lizards
  3 rats
68 creatures vanquished.

Notes
Turn   | Place    | Note
-------+----------+-------------------------------------------
     0 | D:1      | shadizar the Octopode Transmuter began the quest for the
                  | Orb.
     0 | D:1      | Reached XP level 1. HP: 13/13 MP: 3/3
   152 | D:1      | Reached skill level 1 in Stealth
   154 | D:1      | Reached XP level 2. HP: 18/18 MP: 5/5
   792 | D:2      | Noticed a +0 hand axe
   796 | D:2      | Noticed a +0 dagger
   797 | D:2      | Found a hide-covered altar of Uskayaw.
   803 | D:2      | Reached XP level 3. HP: 24/24 MP: 6/6
  1254 | D:2      | Reached XP level 4. HP: 13/30 MP: 7/7
  2266 | D:3      | Reached XP level 5. HP: 22/36 MP: 8/8
  2422 | D:3      | Found a sacrificial altar of Ru.
  2602 | D:3      | Found a glowing silver altar of Zin.
  2618 | D:3      | Found an ancient bone altar of Kikubaaqudgha.
  2652 | D:3      | Found a shimmering altar of Xom.
  2925 | D:3      | Found a snail-covered altar of Cheibriados.
  3265 | D:3      | Learned a level 3 spell: Spider Form
  3557 | D:4      | Noticed Edmund
  3644 | D:5      | Entered Level 5 of the Dungeon
  3644 | D:5      | Noticed a sky beast
  3657 | D:5      | HP: 1/36 [something (3)]
  3657 | D:5      | Slain by a sky beast

Illustrated notes

Levels and vault maps discovered:
D:1:      elethiomel_arrival_shortcut, layout_loops_ring
D:2:      wander_river, layout_basic, dancing_weapons_uskayaw,
          minmay_heptomino_w4
D:3:      layout_basic, nicolae_overflow_crystal_walls,
          nicolae_overflow_quartered_altars
D:4:      layout_loops_ring, kennysheep_mini_moat, uniq_natasha, uniq_ijyb,
          uniq_edmund
D:5:      layout_basic, nicolae_gozag_seed_capital, first_ration,
          kennysheep_generic_room_16, uniq_pikel, uniq_menkaure,
          uniq_blork_the_orc

Skill      XL: |  1  2  3  4  5 |
---------------+----------------+-----
Stealth        | 1 2 3 4 |  4.0
Fighting       | 2 3 |  3.0
Unarmed Combat | 4 |  4.2
Dodging        | |  2.3
Spellcasting   | |  2.0
Transmutations | |  2.0

Action                   |  1- 3 |  4- 6 || total
-------------------------+-------+-------++-------
Melee: Unarmed           |    77 |    77 ||   154
       Constrict         |    20 |    23 ||    43
       Tentacles         |    12 |    13 ||    25
       Kick              |       |     4 ||     4
       Punch             |       |     3 ||     3
 Cast: Beastly Appendage |     1 |     2 ||     3
 Stab: Sleeping          |     8 |    11 ||    19
  Eat: Chunk             |     1 |     4 ||     5
       Ration            |       |     1 ||     1
Armor: Skin              |     4 |     1 ||     5
Dodge: Dodged            |    32 |    34 ||    66
